 Dungeon Crawl Stone Soup version 0.29.1-15-g9cfb28693d (webtiles) character file.

Game seed: 9589057918509836234

39 Eitelfritz the Shield-Bearer (level 3, -2/36 HPs)
             Began as a Troll Fighter on Mar 25, 2023.
             Slain by Sigmund
             ... wielding a +0 scythe
              (7 damage)
             ... on level 2 of the Dungeon.
             The game lasted 00:01:40 (952 turns).

Eitelfritz the Shield-Bearer (Troll Fighter)         Turns: 952, Time: 00:01:40

Health: -2/36      AC:  4    Str: 24    XL:     3   Next: 28%
Magic:  2/2        EV:  8    Int:  6    God:
Gold:   67         SH:  0    Dex:  9    Spells: 2/2 levels left

rFire   . . .      SeeInvis .     - Unarmed
rCold   . . .      Faith    .   b - +0 kite shield
rNeg    . . .      Spirit   .   a - +0 robe
rPois   .          Reflect  .   (helmet restricted)
rElec   .          Harm     .   (no cloak)
rCorr   .          Rampage  .   (gloves unavailable)
Will    .....                   (boots unavailable)
Stlth   +.........              (no amulet)
HPRegen 0.92/turn               (no ring)
MPRegen 0.08/turn               (no ring)

@: confused, mighty
A: large, unfitting armour, claws 3, regeneration 1, shaggy fur 1, tough skin 1
a: no special abilities


You were on level 2 of the Dungeon.
You visited 1 branch of the dungeon, and saw 2 of its levels.

You collected 67 gold pieces.

Inventory:

Missiles
 d - 4 javelins (quivered)
Armour
 a - a +0 robe (worn)
 b - a +0 kite shield (worn)
Jewellery
 k - a ring of fire
Scrolls
 h - a scroll of fear {unknown}
 i - 3 scrolls of identify {unknown}
Potions
 e - a potion of magic {unknown}
 f - 3 potions of resistance {unknown}
 g - a potion of invisibility {unknown}
 j - a potion of berserk rage {unknown}


   Skills:
 + Level 2.7 Fighting
 + Level 2.8 Dodging
 + Level 3.1 Shields
 + Level 2.5 Unarmed Combat


You had 2 spell levels left.
You didn't know any spells.
Your spell library was empty.

Dungeon Overview and Level Annotations

Branches:
Dungeon (2/15)

Altars:

Annotations:
D:2 Sigmund


Innate Abilities, Weirdness & Mutations

You are too large for most types of armour.
You have claws for hands.
Your natural rate of healing is unusually fast.
You are covered in fur. (AC +1)
You have tough skin. (AC +1)


Message History

The ball python hisses angrily.
The adder closely misses you.
You're too confused to move!
You feel less confused. The adder closely misses you.
The adder attacks as you move away! The adder barely misses you.
You block the adder's attack.
Sigmund casts a spell.
Sigmund flickers and vanishes!
Deactivating autopickup; reactivate with Ctrl-A.
You claw the adder!
The adder is almost dead.
The adder bites you.
You are poisoned.
The adder poisons you! The adder bites you but does no damage.
You feel very mighty all of a sudden.
You feel sick. The adder bites you.
You claw the adder!
You kill the adder!
You feel sick. Something hits you.
You feel sick. Something hits you.
You see here an adder corpse.
You claw something!
You feel sick.
You miss something.
You feel sick. Something hits you!
* * * LOW HITPOINT WARNING * * *
You claw something!
You feel sick.
You are no longer poisoned.
You hear some strange, mumbled words.
A magic dart appears from out of thin air!
The magic dart hits you!
* * * LOW HITPOINT WARNING * * *
You closely miss something. Something hits you.
* * * LOW HITPOINT WARNING * * *
You claw something! You barely miss something.
Something hits you but does no damage.
You closely miss something.
You hear some strange, mumbled words.
You are confused.
You miss something. Something hits you!
You die...

...#.# ##.##....>....
...#.# ......#.....# #
.[.#.##.#.##.#.....# .#
.............###.###..###
#..###..#.##............#
...............#..######
#....#....###..#S##
.......>.......#{#
..####..#####..#@#
...........##..#.#
...............#.#
.#####..##.#####.#
.................#
.######.##.####### #.##.#
#.##.# #.##.#


You could see a ball python.

Vanquished Creatures
  An adder (D:2)
  3 bats (D:1)
  3 endoplasms
  A goblin (D:1)
  4 hobgoblins
  2 jackals (D:2)
  7 ball pythons (D:1)
  2 frilled lizards
  2 kobolds (D:1)
  4 rats
29 creatures vanquished.

Notes
Turn   | Place    | Note
-------+----------+-------------------------------------------
     0 | D:1      | Eitelfritz the Troll Fighter began the quest for the Orb.
     0 | D:1      | Reached XP level 1. HP: 22/22 MP: 0/0
   132 | D:1      | Reached XP level 2. HP: 29/29 MP: 1/1
   163 | D:1      | Found a faded altar of an unknown god.
   595 | D:1      | Reached skill level 3 in Shields
   886 | D:2      | Identified the +7 ring mail of Insurance {Slay+2}
   903 | D:2      | Reached XP level 3. HP: 28/36 MP: 2/2
   931 | D:2      | Noticed Sigmund
   948 | D:2      | HP: 1/36 [something (3)]
   952 | D:2      | Slain by Sigmund

Illustrated notes

Levels and vault maps discovered:
D:1:      dpeg_arrival_renting, layout_basic, nicolae_ecumenical_snake_handling
D:2:      layout_basic, st_stairs_3, minmay_strange_pillars, corner_web_ring,
          dk_noncrumbling_4, uniq_sigmund

Skill      XL: |  1  2 |
---------------+-------+-----
Shields        | 3 |  3.1
Fighting       | |  2.7
Dodging        | |  2.8
Unarmed Combat | |  2.5

Action                   || total
-------------------------++-------
Melee: Unarmed           ||    60
  Use: Potion            ||     1
Armor: Robe              ||    15
Dodge: Dodged            ||    20
Block: Kite shield       ||    15
